 Dungeon Crawl Stone Soup version 0.31.0-32-g396128a36d (webtiles) character file.

Game seed: 1847845958438462141

1061 Econoterrorist the Carver (level 8, -2/67 HPs)
             Began as a Minotaur Fighter on Apr 11, 2024.
             Incinerated by a bombardier beetle (5 damage)
             ... with a burning spray
             ... on level 6 of the Dungeon.
             The game lasted 00:10:59 (5621 turns).

Econoterrorist the Carver (Minotaur Fighter)        Turns: 5621, Time: 00:11:00

Health: -2/67      AC:  7    Str: 22    XL:     8   Next: 6%
Magic:  7/7        EV:  9    Int:  5    God:
Gold:   310        SH:  5    Dex: 11    Spells: 7/7 levels left

rFire   . . .        a - +0 long sword
rCold   . . .        c - +0 buckler
rNeg    . . .        b - +0 scale mail
rPois   .            (helmet restricted)
rElec   .            (no cloak)
rCorr   .            (no gloves)
SInv    .            (no boots)
Will    .....        (no amulet) Stlth
                     (no ring)
HPRegen 0.31/turn    (no ring)
MPRegen 0.10/turn

%: no passive effects
@: on fire, glowing
A: horns 2, retaliatory headbutt
a: no special abilities


You were on level 6 of the Dungeon.
You visited 1 branch of the dungeon, and saw 6 of its levels.

You collected 310 gold pieces.

Inventory:

Hand Weapons
 a - a +0 long sword (weapon)
Armour
 b - a +0 scale mail (worn)
 c - a +0 buckler (worn)
Jewellery
 u - a ring of fire
Wands
 w - a wand of digging (7)
Scrolls
 f - a scroll of enchant weapon {unknown}
 g - 4 scrolls of identify
 h - a scroll of blinking {unknown}
 j - a scroll of silence {unknown}
 l - a scroll of teleportation
 o - a scroll of brand weapon {unknown}
 r - a scroll of butterflies {unknown}
 s - 2 scrolls of immolation {unknown}
 t - a scroll of amnesia {unknown}
 v - a scroll of revelation {unknown}
 x - a scroll of acquirement {unknown}
Potions
 i - 2 potions of enlightenment
 k - a potion of cancellation {unknown}
 q - a potion of brilliance {unknown}
 z - a potion of attraction {unknown}


   Skills:
 + Level 4.4 Fighting
 + Level 10.6 Long Blades
 + Level 4.4 Armour
 + Level 4.4 Shields


You had 7 spell levels left.
You didn't know any spells.
Your spell library contained the following spells:

 Spells                   Type           Power      Damage    Failure   Level
 Lesser Beckoning         Tloc           0%         N/A       94%         2
 Fugue of the Fallen      Necr           0%         N/A       99%         3
 Gell's Gravitas          Tloc           0%         N/A       99%         3
 Ozocubu's Armour         Ice            0%         N/A       99%         3
 Summon Ice Beast         Ice/Summ       0%         N/A       99%         3
 Teleport Other           Tloc           0%         N/A       99%         3
 Manifold Assault         Tloc           0%         N/A       100%        4
 Summon Mana Viper        Hex/Summ       0%         N/A       100%        5
 Monstrous Menagerie      Summ           0%         N/A       100%        7


Dungeon Overview and Level Annotations

Branches:
Dungeon (6/15)
 Temple: D:4-7

Altars:
Ashenzari

Shops:
D:2 =


Innate Abilities, Weirdness & Mutations

You have a pair of horns on your head.
You reflexively headbutt those who attack you in melee.


Message History

* * * LOW HITPOINT WARNING * * *
You closely miss the bombardier beetle.
The bombardier beetle is almost dead.
The liquid fire burns you!
* * * LOW HITPOINT WARNING * * *
The hound bites you but does no damage.
The bombardier beetle sprays incendiary fluid at you.
The burning spray hits you.
You are even more covered in liquid fire!
You hit the bombardier beetle but do no damage.
Your headbutt misses the bombardier beetle.
The bombardier beetle is almost dead.
The liquid fire burns you!
* * * LOW HITPOINT WARNING * * *
The hound closely misses you. You furiously retaliate!
You headbutt the hound.
You kill the hound!
You hit the bombardier beetle.
You kill the bombardier beetle!
The liquid fire burns you!
* * * LOW HITPOINT WARNING * * *
You shake off some of the fire as you move.
The liquid fire burns you!
* * * LOW HITPOINT WARNING * * *
Things that are here:
a +0 war axe; a +0 hand axe; an orc skeleton You shake off some of the fire as you move.
The liquid fire burns you!
* * * LOW HITPOINT WARNING * * *
There is a stone staircase leading up here.
You feel better. The liquid fire burns you!
* * * LOW HITPOINT WARNING * * *
Found 17 gold pieces.
You shake off some of the fire as you move.
The liquid fire burns you!
* * * LOW HITPOINT WARNING * * *
Found a stone staircase leading up.
You shake off some of the fire as you move.
The liquid fire burns you!
You die...

# < #. #.###. ###
### #.....#
..###... .
.......##.#.......
........#...#.#.#
.......@..###...#
........#<.....#
........##).#.##
..$.$...##..#.####
.......###)......##
#.....###...)......
###..#......[......
#..#.###)[)......
.. #.........


There were no monsters in sight!

Vanquished Creatures
  A troll (D:5)
  2 ogres
  A phantom (D:5)
  4 hounds
  A bombardier beetle (D:6)
  A gnoll bouda (D:4)
  2 orc priests (D:6)
  An iguana (D:5)
  3 orc wizards
  6 gnolls
  9 adders
  A white imp (D:6)
  4 ribbon worms
  5 dart slugs
  11 orcs
  6 bats
  6 endoplasms
  7 giant cockroaches
  8 goblins
  8 hobgoblins
  3 jackals (D:3)
  5 kobolds
  7 quokkas
  8 ball pythons
  6 frilled lizards
  7 rats
123 creatures vanquished.

Notes
Turn   | Place    | Note
-------+----------+-------------------------------------------
     0 | D:1      | Econoterrorist the Minotaur Fighter began the quest for the
                  | Orb.
     0 | D:1      | Reached XP level 1. HP: 19/19 MP: 0/0
   124 | D:1      | Reached skill level 3 in Long Blades
   177 | D:1      | Reached XP level 2. HP: 26/26 MP: 1/1
   357 | D:1      | Reached skill level 4 in Long Blades
   580 | D:1      | Reached XP level 3. HP: 31/31 MP: 2/2
  1477 | D:2      | Reached skill level 5 in Long Blades
  1653 | D:2      | Found Sacaarph's Jewellery Boutique.
  1814 | D:2      | Reached XP level 4. HP: 33/39 MP: 3/3
  2514 | D:3      | Reached skill level 6 in Long Blades
  3093 | D:3      | Reached XP level 5. HP: 41/45 MP: 4/4
  3594 | D:4      | Reached skill level 7 in Long Blades
  3713 | D:4      | Noticed an ogre
  3719 | D:4      | Killed an ogre
  3720 | D:4      | Reached XP level 6. HP: 51/51 MP: 5/5
  3964 | D:5      | Entered Level 5 of the Dungeon
  3969 | D:5      | Reached skill level 8 in Long Blades
  4312 | D:5      | Noticed a troll
  4559 | D:5      | Reached skill level 9 in Long Blades
  4619 | D:5      | Reached XP level 7. HP: 57/57 MP: 6/6
  4654 | D:5      | Killed a troll
  4655 | D:5      | Reached skill level 10 in Long Blades
  4995 | D:5      | Found a broken altar of Ashenzari.
  5597 | D:6      | Reached XP level 8. HP: 58/66 MP: 7/7
  5620 | D:6      | HP: 2/67 [burnt (5)]
  5621 | D:6      | Incinerated by a bombardier beetle

Illustrated notes

Levels and vault maps discovered:
D:1:      dpeg_arrival_concentric_ovals, layout_basic, serial_forest,
          infiniplex_forest_clump_long, infiniplex_forest_end_double,
          infiniplex_forest_lined_corner, infiniplex_forest_clump_long,
          infiniplex_forest_clump_large, infiniplex_forest_straight_3,
          infiniplex_forest_lined_2, infiniplex_forest_end_3,
          infiniplex_forest_clump_large, infiniplex_forest_zigzag_1
D:2:      layout_basic, serial_shops, shop, supply_closet_lemuel
D:3:      layout_loops_corners, grunt_ministairs_2, kennysheep_generic_room_7
D:4:      layout_loops_cross
D:5:      layout_cave_pools, kennysheep_mini_moat
D:6:      layout_rooms, minmay_fractal_squares_gapless_5, uniq_grinder,
          uniq_eustachio

Skill      XL: |  1  2  3  4  5  6  7 |
---------------+----------------------+-----
Long Blades    | 3 4 5 6 7 9 10 | 10.6
Fighting       | 4 |  4.4
Armour         | 4 |  4.4
Shields        | 4 |  4.4

Action                     |  1- 3 |  4- 6 |  7- 9 || total
---------------------------+-------+-------+-------++-------
  Melee: Long sword        |   133 |   185 |    90 ||   408
         Headbutt          |    20 |    26 |     9 ||    55
    Use: Potion            |       |     3 |     4 ||     7
         Scroll            |       |     5 |       ||     5
 Armour: Scale mail        |    63 |   143 |    99 ||   305
  Dodge: Dodged            |    54 |    87 |    31 ||   172
  Block: Buckler           |    17 |    30 |    18 ||    65
